[Event "Team 45 45 League T45"]
[Site "Internet Chess Club"]
[Date "2010.06.06"]
[Round "5"]
[White "cityprosecutor"]
[Black "AntonioMendonca"]
[Result "1-0"]
[WhiteElo "1800"]
[BlackElo "1718"]
[Opening "French: King's Indian attack"]
[ECO "C00"]
[Time "17:12:26"]
[TimeControl "2700+45"]

1. e4 e6 2. d3 d5 3. Nd2 Nf6 4. g3 dxe4 5. dxe4 e5 6. Ngf3 Bc5 7. Bg2 Nc6 8. c3
O-O 9. O-O Bg4 10. Qc2 Qe7 11. b4 Bd6 12. Nc4 Rad8 13. b5 Nb8 14. Ne3 Nbd7 15.
h3 Bh5 16. a4 Bg6 17. Nd2 Nb6 18. a5 Nbd5 19. Nec4 Qe6 20. Nxd6 Rxd6 21. Ba3
Rfd8 22. Bxd6 Rxd6 23. exd5 Bxc2 24. dxe6 Rxd2 25. Ra2 fxe6 26. Kh2 Nd5 27. Rc1
{Black resigns} 1-0

[Event "Team 45 45 League T45"]
[Site "Internet Chess Club"]
[Date "2010.06.06"]
[Round "5"]
[White "LeanSixSigma"]
[Black "crazyhorses"]
[Result "0-1"]
[WhiteElo "1367"]
[BlackElo "1463"]
[Opening "QGA, Bogolyubov variation"]
[ECO "D24"]
[Time "13:05:12"]
[TimeControl "2700+45"]

1. d4 d5 2. c4 dxc4 3. Nc3 Nf6 4. Nf3 a6 5. e4 b5 6. Be2 e6 7. Bg5 Be7 8. e5 Nd5
9. Bxe7 Nxe7 10. Ng5 Bb7 11. Bf3 Nd5 12. Nxd5 Bxd5 13. Nxf7 Kxf7 14. Bxd5 Qxd5
15. Qf3+ Qxf3 16. gxf3 Rf8 {White resigns} 0-1

[Event "Team 45 45 League T45"]
[Site "Internet Chess Club"]
[Date "2010.06.04"]
[Round "5"]
[White "RayF"]
[Black "krysto"]
[Result "1-0"]
[WhiteElo "1695"]
[BlackElo "1266"]
[Opening "King's Indian: orthodox, Aronin-Taimanov variation (Yugoslav attack / Mar del Plata variation)"]
[ECO "E97"]
[Time "21:00:19"]
[TimeControl "2700+45"]

1. d4 Nf6 2. c4 g6 3. Nc3 Bg7 4. e4 d6 5. Nf3 O-O 6. Be2 e5 7. O-O Nc6 8. d5 Ne7
9. Nd2 Ne8 10. b4 f5 11. exf5 gxf5 12. Nf3 Ng6 13. Bg5 Qd7 14. Qd2 Nf6 15. Rad1
Qe8 16. Nb5 Qf7 17. Qc2 a6 18. Nc3 h6 19. Bc1 Nh7 20. a3 Bd7 21. Rfe1 Qf6 22. c5
Rfc8 23. Bc4 Kh8 24. Re3 Re8 25. Bb2 Re7 26. c6 Bc8 27. Rde1 Qf8 28. Nd2 Rb8 29.
Rg3 Qf7 30. b5 Nhf8 31. bxa6 bxa6 32. Nd1 f4 33. Rb3 Bf5 34. Qc3 Ree8 35. Qa5 e4
36. Bxg7+ Qxg7 37. Rb7 Rbc8 38. Qxa6 Nh4 39. Bf1 Nxg2 40. Bxg2 Bh3 41. Qf1 f3
42. Ne3 Re5 43. Ndc4 Rg5 44. Nxd6 Bxg2 45. Nxg2 Rxg2+ 46. Kh1 Qe5 47. Nf7+ Kh7
48. Nxe5 Ng6 49. Nxg6 Rxg6 50. Rxe4 Kh8 51. Re6 Rg5 52. d6 cxd6 53. Rxh6+ Kg8
54. Rh8+ Kxh8 55. Qh3+ Kg8 56. Qh7+ Kf8 57. Qf7# {Black checkmated} 1-0

[Event "Team 45 45 League T45"]
[Site "Internet Chess Club"]
[Date "2010.06.06"]
[Round "5"]
[White "Conjurer"]
[Black "jocooper"]
[Result "1-0"]
[WhiteElo "1267"]
[BlackElo "1080"]
[Opening "English opening"]
[ECO "E62"]
[Time "21:01:34"]
[TimeControl "2700+45"]

1. c4 Nf6 2. Nc3 g6 3. g3 Bg7 4. d4 O-O 5. Bg2 d6 6. Nf3 Bg4 7. O-O Nbd7 8. Qb3
Rb8 9. h3 Bxf3 10. Bxf3 c6 11. Bf4 e5 12. dxe5 dxe5 13. Be3 Nb6 14. Rad1 Qc7 15.
c5 Nbd7 16. Rd6 Rfe8 17. Ne4 Nxe4 18. Bxe4 Nxc5 19. Bxc5 b6 20. Ba3 c5 21. Rfd1
Rbd8 22. Qb5 Qe7 23. Qd3 Qf8 24. Rxd8 Rxd8 25. Qxd8 Qxd8 26. Rxd8+ Bf8 27. b4 c4
28. b5 c3 29. Rxf8+ Kg7 30. Bc2 f5 31. Rc8 e4 32. Rxc3 h5 33. Rc7+ Kf6 34. e3
Kg5 35. h4+ Kg4 36. Kg2 {Black resigns} 1-0

[Event "Team 45 45 League T45"]
[Site "Internet Chess Club"]
[Date "2010.06.05"]
[Round "5"]
[White "kidcobra"]
[Black "Tamarin"]
[Result "0-1"]
[WhiteElo "1525"]
[BlackElo "1707"]
[Opening "Giuoco Piano"]
[ECO "C50"]
[Time "19:30:38"]
[TimeControl "2700+45"]

1. e4 e5 2. Nf3 Nc6 3. Bc4 Bc5 4. Nc3 d6 5. O-O Nf6 6. Bb5 Bd7 7. Bxc6 Bxc6 8.
d4 exd4 9. Nxd4 Bd7 10. Re1 O-O 11. Bg5 h6 12. Bh4 Re8 13. Nd5 g5 14. Bg3 Nxd5
15. exd5 Rxe1+ 16. Qxe1 Bxd4 17. c3 Bb6 18. Qe2 Qf6 19. a4 Re8 20. Qd2 Bg4 21.
Rf1 Re2 22. Qd3 Rxb2 23. Qe4 Bd7 24. Qc4 Rc2 25. Qe4 Rxc3 26. Kh1 Ra3 27. f4
Rxa4 28. Qf3 Ra1 29. Qe2 Rxf1+ 30. Qxf1 gxf4 31. Bxf4 Be3 32. g3 Bxf4 33. gxf4
Qg6 34. h4 Bf5 35. Kh2 Qg4 36. Qf2 Be4 37. h5 Qg2+ 38. Qxg2+ Bxg2 39. Kxg2 a5
40. Kf2 a4 41. f5 a3 42. f6 a2 43. Kg3 a1=Q 44. Kf4 b5 45. Ke3 b4 46. Kd3 b3 47.
Kc4 b2 48. Kb5 b1=Q+ 49. Kc6 Qa4+ 50. Kxc7 Qbc2+ 51. Kxd6 Qf4+ 52. Ke7 Qcc7+ 53.
Ke8 Qfe5# {White checkmated} 0-1

[Event "Team 45 45 League T45"]
[Site "Internet Chess Club"]
[Date "2010.06.04"]
[Round "5"]
[White "megarook"]
[Black "chesskix"]
[Result "0-1"]
[WhiteElo "1532"]
[BlackElo "1413"]
[Opening "Grünfeld: Smyslov defense"]
[ECO "D11"]
[Time "20:00:30"]
[TimeControl "2700+45"]

1. d4 d5 2. c4 c6 3. e3 Nf6 4. Nf3 g6 5. Bd3 Bg7 6. Nc3 O-O 7. O-O Bg4 8. Bd2
Nbd7 9. h3 dxc4 10. Bxc4 Nb6 11. Bb3 Bf5 12. Re1 Ne4 13. Nxe4 Bxe4 14. Ba5 e6
15. Rc1 Qf6 16. Ne5 Rfd8 17. Bxb6 axb6 18. Qe2 b5 19. Red1 Bd5 20. Bxd5 exd5 21.
b3 Qe6 22. Nd3 Bf8 23. Nf4 Qe7 24. Nd3 Bg7 25. Nc5 b6 26. Nd3 Bxd4 27. Rxc6 Bc5
28. Nxc5 bxc5 29. Qxb5 Rxa2 30. Qxc5 Qh4 31. Rf1 d4 32. Qb4 Qe4 33. Rc4 Qa8 34.
exd4 Ra1 35. Rc7 Rxf1+ 36. Kxf1 Qa1+ 37. Ke2 Qb2+ 38. Ke3 Re8+ 39. Kf3 Qe2+ 40.
Kg3 h5 41. h4 Qg4+ 42. Kh2 Qf4+ 43. Kh3 Qxc7 44. Qc4 Rc8 45. f3 Qxc4 46. bxc4
Rxc4 47. Kg3 Rxd4 48. Kf2 Rxh4 49. Kg3 Ra4 50. Kf2 f5 51. Kg3 Kf7 52. f4 h4+ 53.
Kxh4 Rxf4+ 54. Kg5 Rg4+ 55. Kh6 Rh4+ 56. Kg5 Rg4+ 57. Kh6 Rxg2 58. Kh7 f4 59.
Kh6 f3 {White resigns} 0-1

[Event "Team 45 45 League T45"]
[Site "Internet Chess Club"]
[Date "2010.06.06"]
[Round "5"]
[White "KidBoa"]
[Black "sdcohle"]
[Result "0-1"]
[WhiteElo "1265"]
[BlackElo "1390"]
[Opening "Four knights: Spanish variation"]
[ECO "C48"]
[Time "20:00:17"]
[TimeControl "2700+45"]

1. e4 e5 2. Nc3 Nf6 3. Nf3 Nc6 4. Bb5 d6 5. d4 Bd7 6. d5 Ne7 7. Bxd7+ Qxd7 8.
O-O g6 9. Bg5 Bg7 10. Qd2 h6 11. Bxf6 Bxf6 12. Qe3 Bg7 13. Qd3 O-O-O 14. Qb5
Qxb5 15. Nxb5 Kb8 16. a4 a6 17. Na3 f5 18. Rfe1 fxe4 19. Rxe4 Nxd5 20. Nc4 Nf6
21. Ree1 e4 22. Nd4 Rhe8 23. Na5 d5 24. c3 Rd6 25. b4 Nd7 26. b5 Bxd4 27. cxd4
axb5 28. axb5 Rb6 29. Rab1 Ree6 30. g3 c6 31. bxc6 bxc6 32. Rxb6+ Nxb6 33. Rc1
Kc7 34. Kf1 Nd7 35. Rb1 Kd6 36. Rc1 Kc7 37. Ke2 g5 38. Rb1 Nb6 39. Ke3 Rf6 40.
Rf1 Rf3+ 41. Ke2 Ra3 42. Nxc6 Kxc6 43. Rc1+ Nc4 44. Kf1 Rd3 45. Kg2 Rxd4 46. Kh3
Rd2 47. Rf1 Kd6 48. Kg4 Ne5+ 49. Kf5 Nd3 50. Kg6 Rxf2 51. Rxf2 Nxf2 52. Kxh6 e3
53. Kxg5 e2 54. h4 e1=Q 55. h5 Qe5+ 56. Kg6 Qxg3+ 57. Kh7 Ne4 58. h6 Nf6+ 59.
Kh8 Qg8# {White checkmated} 0-1

[Event "Team 45 45 League T45"]
[Site "Internet Chess Club"]
[Date "2010.06.06"]
[Round "5"]
[White "MateIn42"]
[Black "kingsrook"]
[Result "1-0"]
[WhiteElo "1449"]
[BlackElo "1328"]
[Opening "Caro-Kann defense"]
[ECO "B12"]
[Time "16:00:54"]
[TimeControl "2700+45"]

1. e4 c6 2. d4 d5 3. Bd3 dxe4 4. Bxe4 Nf6 5. Qd3 Nxe4 6. Qxe4 e6 7. Nf3 Be7 8.
Nc3 Nd7 9. O-O Nf6 10. Qe2 O-O 11. Bd2 b6 12. Rad1 Qc7 13. Bg5 Bb7 14. Ne4 Nxe4
15. Bxe7 Nc3 16. Qd3 Nxd1 17. Bxf8 Nxb2 18. Qb3 Rxf8 19. Qxb2 Rd8 20. c3 h6 21.
Re1 c5 22. Ne5 cxd4 23. cxd4 Rd6 24. Rc1 Qd8 25. Rd1 Qc7 26. Rc1 Rxd4 27. Nf3
Bxf3 28. gxf3 Rc4 29. Rd1 Rc2 30. Qa3 Qc5 31. Rd8+ Kh7 32. Qd3+ g6 33. Rd4 Rc1+
34. Kg2 Rc3 35. Qe4 Qg5+ 36. Kh3 Qh5+ 37. Kg3 f5 38. Qb7+ {Black forfeits on
time} 1-0

[Event "Team 45 45 League T45"]
[Site "Internet Chess Club"]
[Date "2010.06.06"]
[Round "5"]
[White "ScotchYeti"]
[Black "pawnward"]
[Result "0-1"]
[WhiteElo "1552"]
[BlackElo "1694"]
[Opening "Caro-Kann: Panov-Botvinnik attack"]
[ECO "B13"]
[Time "16:01:07"]
[TimeControl "2700+45"]

1. e4 d5 2. exd5 Nf6 3. c4 c6 4. Nc3 cxd5 5. d4 dxc4 6. Bxc4 Nbd7 7. Nf3 Nb6 8.
Bb5+ Nfd7 9. O-O a6 10. Bd3 Nf6 11. h3 Nfd5 12. Re1 e6 13. Be4 Be7 14. Qb3 O-O
15. a4 a5 16. Nxd5 Nxd5 17. Bxd5 exd5 18. Bf4 Bb4 19. Re5 h6 20. Rxd5 Qf6 21.
Qe3 Be6 22. Rb5 Rfe8 23. Be5 Qg6 24. Nh4 Qc2 25. Qg3 Bf8 26. Qe3 Qc8 27. Rc1 Qd8
28. Nf3 Bd5 29. Qd3 f6 30. Bf4 Be4 31. Qc4+ Kh8 32. Nd2 Bc6 33. Rh5 Bd5 34. Rxd5
Qc8 35. Qxc8 Raxc8 36. Rxc8 Rxc8 37. Rd7 Bb4 38. Nf3 g5 39. Bd2 b6 40. Rb7 Rc6
41. Kf1 h5 42. Ke2 Re6+ 43. Kd1 g4 44. Bxb4 gxf3 45. g3 axb4 46. Kd2 Re2+ 47.
Kd3 Rxf2 48. Ke3 Rxb2 49. Rf7 Rb3+ 50. Kd2 Ra3 51. Rxf6 Ra2+ 52. Ke3 b3 53. Rxb6
f2 54. Rf6 b2 55. Rxf2 b1=Q 56. Rxa2 Qxa2 {White resigns} 0-1

[Event "Team 45 45 League T45"]
[Site "Internet Chess Club"]
[Date "2010.06.06"]
[Round "5"]
[White "Manders"]
[Black "Signalman"]
[Result "0-1"]
[WhiteElo "1623"]
[BlackElo "1557"]
[Opening "Philidor: Improved Hanham variation"]
[ECO "B07"]
[Time "13:05:09"]
[TimeControl "2700+45"]

1. e4 d6 2. d4 Nf6 3. Nc3 Nbd7 4. Nf3 e5 5. dxe5 dxe5 6. Bc4 Be7 7. O-O O-O 8.
Qe2 a5 9. Be3 c6 10. a4 Ng4 11. Rad1 Qc7 12. Bg5 Ngf6 13. Rd2 h6 14. Bh4 g5 15.
Bg3 Bd6 16. Rfd1 Bb4 17. h4 Bxc3 18. bxc3 g4 19. Nxe5 Nxe5 20. Rd6 Qe7 21. Bxe5
Qxe5 22. Qe3 Kg7 23. Rxf6 Qxf6 24. e5 Qe7 25. Rd6 Be6 26. Bd3 Qxh4 27. Qe4 Rh8
28. g3 Qg5 29. c4 Rad8 30. c5 h5 31. f4 gxf3 {White resigns} 0-1

[Event "Team 45 45 League T45"]
[Site "Internet Chess Club"]
[Date "2010.06.05"]
[Round "5"]
[White "werty"]
[Black "Oscar"]
[Result "1/2-1/2"]
[WhiteElo "1525"]
[BlackElo "1462"]
[Opening "Dutch defense"]
[ECO "A81"]
[Time "09:07:43"]
[TimeControl "2700+45"]

1. d4 f5 2. g3 Nf6 3. Bg2 d5 4. Nf3 Nc6 5. O-O e6 6. b3 Bd6 7. Nc3 a6 8. Bb2 O-O
9. e3 Bd7 10. Rc1 Qe7 11. Ne2 Ne4 12. c4 Ba3 13. Bxa3 Qxa3 14. cxd5 exd5 15. Nc3
Qd6 16. Nd2 Rae8 17. Ndxe4 fxe4 18. f3 exf3 19. Rxf3 Ne7 20. Rxf8+ Rxf8 21. Qe2
c6 22. Rf1 Rxf1+ 23. Qxf1 Qh6 24. Qe2 {Game drawn by mutual agreement} 1/2-1/2

[Event "Team 45 45 League T45"]
[Site "Internet Chess Club"]
[Date "2010.06.04"]
[Round "5"]
[White "Chessnut4"]
[Black "Pablito15"]
[Result "0-1"]
[WhiteElo "1527"]
[BlackElo "1621"]
[Opening "QGD semi-Slav: Chigorin defense"]
[ECO "D46"]
[Time "15:00:44"]
[TimeControl "2700+45"]

1. d4 d5 2. c4 c6 3. e3 Nf6 4. Nc3 e6 5. Bd3 Nbd7 6. Nf3 Bd6 7. O-O O-O 8. Qc2
Qe7 9. Re1 Rd8 10. cxd5 exd5 11. a3 Re8 12. b4 Nf8 13. h3 Ne4 14. Bb2 Ng5 15.
Be2 Qf6 16. Ne5 Bf5 17. Qd1 Bxe5 18. dxe5 Qxe5 19. Na4 Qd6 20. Qd4 Nfe6 21. Qe5
Qxe5 22. Bxe5 Bc2 23. Nc3 Ne4 24. Rac1 Nxc3 25. Bxc3 Bf5 26. Red1 Rad8 27. Kf1
f6 28. Be1 Re7 29. Bd3 Bxd3+ 30. Rxd3 Kf7 31. Rcd1 Red7 32. f3 f5 33. Bf2 b6 34.
Rc1 Rc8 35. Rcd1 Nc7 36. Bg3 Nb5 37. Rc1 Nd6 38. Bxd6 Rxd6 39. Rcd1 g5 40. e4
fxe4 41. fxe4 Rf6+ 42. Rf3 Rxf3+ 43. gxf3 Rd8 44. Ke2 Ke6 45. Ke3 Ke5 46. Rd4
Rd6 47. Rd2 dxe4 48. Rxd6 Kxd6 49. Kxe4 Ke6 50. f4 gxf4 51. Kxf4 c5 52. bxc5
bxc5 53. Ke4 h6 54. a4 a5 55. Kd3 Kd5 56. Kc2 Kc4 {White resigns} 0-1

[Event "Team 45 45 League T45"]
[Site "Internet Chess Club"]
[Date "2010.06.03"]
[Round "5"]
[White "Ivio"]
[Black "parrot9"]
[Result "1-0"]
[WhiteElo "1838"]
[BlackElo "1655"]
[Opening "QGD"]
[ECO "D52"]
[Time "16:00:22"]
[TimeControl "2700+45"]

1. d4 d5 2. Nf3 Nf6 3. c4 c6 4. Nc3 e6 5. Bg5 Nbd7 6. e3 h6 7. Bh4 Be7 8. Be2
dxc4 9. Bxc4 b5 10. Be2 b4 11. Na4 O-O 12. O-O Qa5 13. a3 c5 14. axb4 Qxb4 15.
Nxc5 Nxc5 16. dxc5 Qxc5 17. Rc1 Qa5 18. Nd4 Bb7 19. Nc6 Bxc6 20. Rxc6 Nd5 21.
Bxe7 Nxe7 22. Rc4 Rfd8 23. Qc2 Rac8 24. Rc1 Rxc4 25. Qxc4 Rc8 26. Qxc8+ Nxc8 27.
Rxc8+ Kh7 28. b3 Qe1+ 29. Bf1 a5 30. Ra8 g5 31. g3 Kg7 32. Ra6 g4 33. Kg2 Qb4
34. Bc4 Qb7+ 35. Kg1 Qb4 36. Ra7 Kg6 37. Ra6 Qd2 38. Kg2 Kf5 39. Ra7 f6 40. Ra6
e5 41. Be6+ Kg6 42. Bxg4 Qd5+ 43. Kg1 h5 44. Be2 Qxb3 45. Rxa5 Qb4 46. Rb5 Qe1+
47. Bf1 e4 48. h4 Qa1 49. Kg2 Qd1 50. Rb8 Kf5 51. Rb2 Qc1 52. Rb5+ Kg6 53. Be2
f5 54. Rb6+ Kg7 55. Bxh5 Qc5 56. Rb7+ Kf6 57. Rf7+ Ke6 58. Bg6 f4 59. Rxf4
{Black resigns} 1-0

[Event "Team 45 45 League T45"]
[Site "Internet Chess Club"]
[Date "2010.06.06"]
[Round "5"]
[White "Invicta-Knight"]
[Black "Salvatore"]
[Result "1-0"]
[WhiteElo "1574"]
[BlackElo "1584"]
[Opening "Sicilian: closed"]
[ECO "B23"]
[Time "11:22:19"]
[TimeControl "2700+45"]

1. e4 c5 2. Nc3 g6 3. f4 Nc6 4. Nf3 Bg7 5. Bc4 e6 6. O-O Nge7 7. d3 O-O 8. Qe1
Na5 9. Bb3 Nxb3 10. axb3 b6 11. Nb5 d5 12. e5 Bd7 13. Nd6 Bc6 14. b4 Nc8 15.
bxc5 bxc5 16. Nxc8 Qxc8 17. Bd2 Qb7 18. b4 d4 19. bxc5 Bxf3 20. Rxf3 Rfc8 21.
Ra5 Qb2 22. c3 Bf8 23. Bc1 Qb1 24. cxd4 Rd8 25. Qc3 Rab8 26. Rxa7 Qb5 27. Qa5
Qb1 28. Qc7 Qxc1+ 29. Rf1 Qe3+ 30. Kh1 Be7 31. Qxe7 Rf8 32. Raa1 Qxd3 33. Rad1
Qe4 34. Qg5 Rb2 35. Rfe1 Qd5 36. Qg4 Rb3 37. h3 h5 38. Qe2 Rxh3+ 39. Kg1 Rg3 40.
Qe4 Qb3 41. Rb1 Qa3 42. c6 h4 43. c7 h3 44. Re2 Qc3 45. Rc2 Rxg2+ 46. Qxg2 Qxd4+
47. Qf2 Qxf4 48. Qxf4 {Black resigns} 1-0

[Event "Team 45 45 League T45"]
[Site "Internet Chess Club"]
[Date "2010.06.05"]
[Round "5"]
[White "Monsieur"]
[Black "dscvdchk"]
[Result "1-0"]
[WhiteElo "1562"]
[BlackElo "1492"]
[Opening "Scandinavian: Pytel-Wade variation"]
[ECO "B01"]
[Time "22:01:31"]
[TimeControl "2700+45"]

1. e4 d5 2. exd5 Qxd5 3. Nc3 Qd6 4. d4 g6 5. Nb5 Qd8 6. Bf4 Na6 7. a4 c6 8. Nc3
Nf6 9. Bc4 Bg7 10. Nf3 O-O 11. O-O Nb4 12. Be5 Nbd5 13. Bb3 Nxc3 14. bxc3 Nd5
15. c4 Nf6 16. d5 cxd5 17. cxd5 Ne4 18. Qd4 Bxe5 19. Nxe5 Nd6 20. Rad1 f6 21.
Nf3 h6 22. Rfe1 Kg7 23. c4 Nf5 24. Qe4 Re8 25. c5 Qc7 26. d6 {Black resigns} 1-0

[Event "Team 45 45 League T45"]
[Site "Internet Chess Club"]
[Date "2010.06.05"]
[Round "5"]
[White "houseofcook"]
[Black "Berke"]
[Result "1-0"]
[WhiteElo "1506"]
[BlackElo "1548"]
[Opening "Scotch gambit"]
[ECO "C44"]
[Time "09:00:16"]
[TimeControl "2700+45"]

1. e4 e5 2. Nf3 Nc6 3. d4 exd4 4. Bc4 Bc5 5. c3 Qf6 6. cxd4 Nxd4 7. Nxd4 Bxd4 8.
Qd2 Ne7 9. Nc3 c6 10. O-O O-O 11. Qg5 d6 12. Qxf6 Bxf6 13. Bf4 Rd8 14. Rad1 b5
15. Be2 Bb7 16. Bxd6 Ng6 17. f4 Bxc3 18. bxc3 a6 19. f5 Nf8 20. e5 Rac8 21. e6
fxe6 22. fxe6 Nxe6 23. Bg4 Ng5 24. Bxc8 Bxc8 25. Be7 Rxd1 26. Rxd1 Ne6 27. Rf1
g6 28. h4 Bd7 29. g4 Be8 30. g5 Bf7 31. Rf6 Kg7 32. Kf2 Kg8 33. a3 a5 34. Ke2 b4
35. axb4 axb4 36. Bxb4 Kg7 37. Be7 c5 38. Kd3 c4+ 39. Ke4 Nc7 40. Ke5 Nd5 41.
Rxf7+ Kxf7 42. Kxd5 Kxe7 43. Kxc4 {Black resigns} 1-0

[Event "Team 45 45 League T45"]
[Site "Internet Chess Club"]
[Date "2010.06.08"]
[Round "5"]
[White "koni"]
[Black "Karpyan"]
[Result "0-1"]
[WhiteElo "1865"]
[BlackElo "1796"]
[Opening "QGD Slav: 3.Nf3"]
[ECO "D11"]
[Time "14:00:06"]
[TimeControl "2700+45"]

1. Nf3 d5 2. d4 c6 3. c4 e6 4. Qc2 f5 5. Bf4 Nf6 6. e3 Be7 7. Nc3 O-O 8. Bd3 Na6
9. a3 Nc7 10. O-O Ne4 11. cxd5 Nxc3 12. Bxc7 Qxc7 13. Qxc3 exd5 14. Ne5 Be6 15.
f4 c5 16. Rac1 c4 17. a4 Qb6 18. Bb1 Rac8 19. Ba2 Qb4 20. Qxb4 Bxb4 21. b3 Bd2
22. bxc4 Bxe3+ 23. Kh1 Bxc1 24. Rxc1 dxc4 25. h3 Rfd8 26. Bxc4 Bxc4 27. Rxc4
Rxc4 28. Nxc4 Rxd4 29. Na5 b6 30. Nc6 Rxa4 31. Ne7+ Kf7 {White resigns} 0-1

[Event "Team 45 45 League T45"]
[Site "Internet Chess Club"]
[Date "2010.06.05"]
[Round "5"]
[White "IceBox"]
[Black "Duguesclin"]
[Result "0-1"]
[WhiteElo "1674"]
[BlackElo "1669"]
[Opening "Nimzo-Indian: 4.e3 O-O, 5.Bd3"]
[ECO "E47"]
[Time "09:01:11"]
[TimeControl "2700+45"]

1. d4 Nf6 2. c4 e6 3. Nc3 Bb4 4. e3 O-O 5. Bd3 b6 6. Nf3 Bb7 7. O-O c5 8. Ne1
cxd4 9. exd4 d5 10. a3 Be7 11. Nc2 Nc6 12. cxd5 Nxd5 13. Be3 Nxe3 14. fxe3 Bg5
15. Qe2 a6 16. Rad1 Qc7 17. Qh5 Bh6 18. Ne4 f5 19. Ng5 Qe7 20. Nf3 Rad8 21. Bc4
b5 22. Bd3 Qf6 23. e4 fxe4 24. Bxe4 Qf4 25. Bxc6 Bxc6 26. Ne5 Qe4 27. Nxc6 Qxc6
28. Qe2 a5 29. Rfe1 Rf6 30. Qe4 Qb6 31. Ne3 Rf4 32. Qe5 Rfxd4 33. Rc1 Rd3 34.
Rc7 Rxe3 35. Rxg7+ Bxg7 {White resigns} 0-1

[Event "Team 45 45 League T45"]
[Site "Internet Chess Club"]
[Date "2010.06.04"]
[Round "5"]
[White "SlimeDog2"]
[Black "charles-allen"]
[Result "1-0"]
[WhiteElo "2201"]
[BlackElo "1878"]
[Opening "QGD semi-Slav: Chigorin defense"]
[ECO "D45"]
[Time "21:01:36"]
[TimeControl "2700+45"]

1. d4 d5 2. c4 c6 3. Nf3 Nf6 4. Nc3 e6 5. e3 Bd6 6. Bd3 Nbd7 7. e4 dxe4 8. Nxe4
Nxe4 9. Bxe4 Nf6 10. Bc2 O-O 11. O-O Qc7 12. Bg5 Ng4 13. Qd3 f5 14. h3 Nh2 15.
c5 Nxf3+ 16. Qxf3 Be7 17. Bf4 Qd8 18. Qe3 Bf6 19. Bd6 Be7 20. Be5 Bf6 21. Bb3
Kh8 22. Rfe1 f4 23. Qxf4 Bxe5 24. Qxe5 Rf5 25. Qe3 Qh4 26. Re2 Bd7 27. Bxe6 Bxe6
28. Qxe6 Qh5 29. g4 Rg5 30. f4 {Black resigns} 1-0

[Event "Team 45 45 League T45"]
[Site "Internet Chess Club"]
[Date "2010.06.07"]
[Round "5"]
[White "Atlantis"]
[Black "AncientTurnip"]
[Result "1-0"]
[WhiteElo "1810"]
[BlackElo "1716"]
[Opening "QGD Slav defense: exchange variation"]
[ECO "D13"]
[Time "19:07:20"]
[TimeControl "2700+45"]

1. d4 d5 2. c4 c6 3. cxd5 cxd5 4. Nf3 Nc6 5. Nc3 Nf6 6. Bf4 a6 7. e3 Bg4 8. Qb3
Bxf3 9. gxf3 Qd7 10. Na4 Ra7 11. Nc5 Qc8 12. Rc1 e6 13. Rg1 g6 14. Bg5 Nd7 15.
Nd3 h6 16. Bf4 Qd8 17. a3 g5 18. Bg3 Bg7 19. Nc5 Nxc5 20. Rxc5 h5 21. h3 Qe7 22.
Rxc6 {Black resigns} 1-0

[Event "Team 45 45 League T45"]
[Site "Internet Chess Club"]
[Date "2010.06.07"]
[Round "5"]
[White "MtzKid"]
[Black "MidasMulligan"]
[Result "1-0"]
[WhiteElo "1589"]
[BlackElo "1646"]
[Opening "Scotch: Schmidt variation"]
[ECO "C45"]
[Time "21:00:13"]
[TimeControl "2700+45"]

1. e4 e5 2. Nf3 Nc6 3. d4 exd4 4. Nxd4 Nf6 5. Nc3 Bc5 6. Nxc6 bxc6 7. Bd3 d6 8.
O-O Ng4 9. h3 Ne5 10. Na4 Bb6 11. Nxb6 axb6 12. Be2 Qh4 13. f4 Ng6 14. Qd4 Rg8
15. Bd2 Bxh3 16. gxh3 Qxh3 17. Qf2 O-O-O 18. Qg2 Qxg2+ 19. Kxg2 Rde8 20. Bd3 Ne7
21. Rh1 h6 22. Kf3 f6 23. Rag1 d5 24. exd5 cxd5 25. Bh7 Rh8 26. Rxg7 Nc6 27. c3
d4 28. Rxh6 dxc3 29. Bxc3 Rhf8 30. Rxf6 Rxf6 31. Bxf6 Re1 32. Be4 Nb4 33. a3 Na6
34. f5 Nc5 35. Bc6 Rf1+ 36. Ke2 {Black resigns} 1-0

[Event "Team 45 45 League T45"]
[Site "Internet Chess Club"]
[Date "2010.06.10"]
[Round "5"]
[White "BraafPaard"]
[Black "BotanicalKnight"]
[Result "1-0"]
[WhiteElo "1588"]
[BlackElo "1542"]
[Opening "Caro-Kann: advance variation"]
[ECO "B12"]
[Time "19:01:26"]
[TimeControl "2700+45"]

1. d4 c6 2. e4 d5 3. e5 Bf5 4. Nf3 e6 5. Bd3 Bg4 6. h3 Bh5 7. g4 Bg6 8. Bxg6
hxg6 9. Be3 Qb6 10. b3 Nd7 11. Nbd2 Nh6 12. Bxh6 gxh6 13. c3 c5 14. O-O a5 15.
a4 Be7 16. Rb1 f6 17. Re1 f5 18. Kg2 f4 19. Nf1 g5 20. Qc2 O-O-O 21. dxc5 Nxc5
22. Nd4 h5 23. b4 Ne4 24. bxa5 Qxa5 25. Rb5 Qxc3 26. Qxc3+ Nxc3 27. Rc1 hxg4 28.
hxg4 Kb8 29. Rxc3 Rh4 30. f3 Rdh8 31. Nxe6 Rh1 {Black resigns} 1-0

[Event "Team 45 45 League T45"]
[Site "Internet Chess Club"]
[Date "2010.06.06"]
[Round "5"]
[White "tsia68"]
[Black "chessateer"]
[Result "0-1"]
[WhiteElo "1860"]
[BlackElo "1863"]
[Opening "English opening"]
[ECO "A30"]
[Time "05:05:31"]
[TimeControl "2700+45"]

1. Nf3 Nf6 2. c4 c5 3. g3 e6 4. Bg2 d5 5. b3 Nc6 6. Bb2 Bd6 7. O-O Bd7 8. cxd5
exd5 9. d4 cxd4 10. Nxd4 O-O 11. Nc3 Be5 12. Nf3 Bxc3 13. Bxc3 Re8 14. Bxf6 Qxf6
15. Qxd5 Rad8 16. Qc4 b5 17. Qc2 Bf5 18. Qc5 Rxe2 19. Qxb5 Bd3 20. Qc5 Rc2 21.
Qg5 Qxg5 22. Nxg5 Bxf1 23. Kxf1 h6 24. Be4 Rc5 25. Nf3 Nb4 26. g4 g6 27. Re1
Nxa2 28. Bb1 Nc3 29. Rc1 Rd1+ 30. Rxd1 Nxd1 31. Ke1 Nc3 32. Bc2 Nd5 33. Kd2 Kg7
34. Bd3 Ra5 35. Bc4 Ra2+ 36. Kd3 Nf6 37. h3 Rxf2 38. g5 Rxf3+ 39. Ke2 Rxh3 40.
gxf6+ Kxf6 {White resigns} 0-1

[Event "Team 45 45 League T45"]
[Site "Internet Chess Club"]
[Date "2010.06.03"]
[Round "5"]
[White "PJ"]
[Black "BartL"]
[Result "0-1"]
[WhiteElo "1755"]
[BlackElo "1834"]
[Opening "French: Winawer, advance, 6...Ne7"]
[ECO "C18"]
[Time "13:03:14"]
[TimeControl "2700+45"]

1. e4 e6 2. d4 d5 3. Nc3 Bb4 4. e5 c5 5. a3 Bxc3+ 6. bxc3 Ne7 7. f4 Nbc6 8. Nf3
O-O 9. Bd3 Qa5 10. Bd2 Qc7 11. Bxh7+ Kxh7 12. Ng5+ Kg6 13. Qg4 Rb8 14. Nxe6+ Kh7
15. Nxc7 Bxg4 16. Nb5 a6 17. Nd6 cxd4 18. h3 Bf5 19. g4 Bxc2 20. Rc1 d3 21. h4
Na5 22. h5 Nb3 23. Rxc2 dxc2 24. g5 c1=Q+ 25. Bxc1 Nxc1 26. g6+ fxg6 27. hxg6+
Kxg6 28. Rg1+ Kh7 29. Rh1+ Kg8 30. Kd2 Nb3+ 31. Kd1 Nf5 {White resigns} 0-1

[Event "Team 45 45 League T45"]
[Site "Internet Chess Club"]
[Date "2010.06.08"]
[Round "5"]
[White "parrot9"]
[Black "Kurukshetra"]
[Result "0-1"]
[WhiteElo "1641"]
[BlackElo "1711"]
[Opening "Blackmar gambit"]
[ECO "B01"]
[Time "16:00:51"]
[TimeControl "2700+45"]

1. e4 d5 2. d4 dxe4 3. Nc3 f5 4. f3 Nf6 5. Bc4 Nc6 6. d5 Na5 7. Be2 e5 8. fxe4
fxe4 9. Bg5 Bf5 10. Bxf6 Qxf6 11. Bh5+ g6 12. Bg4 Qh4+ 13. g3 Qxg4 14. Qd2 Bb4
15. Nge2 Nc4 16. Qh6 O-O-O 17. h3 Qh5 18. Qg7 Bg4 19. Rh2 Bxe2 20. Rxe2 Qf3 21.
Rf2 Bxc3+ 22. bxc3 Qxc3+ 23. Ke2 Qxa1 24. Rf7 Qd4 25. Rxc7+ Kb8 26. Rxb7+ Ka8
{White resigns} 0-1

[Event "Team 45 45 League T45"]
[Site "Internet Chess Club"]
[Date "2010.06.04"]
[Round "5"]
[White "RamRock"]
[Black "Wheels"]
[Result "0-1"]
[WhiteElo "1786"]
[BlackElo "1932"]
[Opening "Sicilian: Smith-Morra gambit"]
[ECO "B21"]
[Time "21:01:13"]
[TimeControl "2700+45"]

1. e4 c5 2. d4 cxd4 3. c3 g6 4. cxd4 d5 5. e5 Bg7 6. Bd3 Nc6 7. Ne2 Nh6 8. Nbc3
O-O 9. O-O Nf5 10. Bc2 a6 11. Bg5 f6 12. exf6 exf6 13. Bc1 Re8 14. Nxd5 Rxe2 15.
Qxe2 Nfxd4 16. Qc4 Be6 17. Re1 Qxd5 18. Qxd5 Bxd5 19. Be4 Bxe4 20. Rxe4 f5 21.
Rh4 Rd8 22. Kf1 Re8 23. Bd2 Ne6 24. Rc4 Ne5 25. Rb4 b5 26. Bf4 Nd3 27. Bd6 Nxb4
28. Bxb4 Bxb2 29. Rd1 Rd8 30. Re1 Kf7 31. g3 Bf6 32. Rc1 Be7 33. Ba5 Rd5 34. Rc6
Rd1+ 35. Kg2 Ra1 36. Rxa6 Rxa2 37. Ra7 b4 {White resigns} 0-1